 Dungeon Crawl Stone Soup version 0.29-a0-356-g7bc237e783 (webtiles) character file.

Game seed: 11097518950610806386

665 lunkers the Tainter (level 7, -6/46 HPs)
             Began as a Merfolk Venom Mage on Apr 25, 2022.
             Was an Initiate of Ashenzari.
             Killed from afar by a white imp (9 damage)
             ... with a puff of frost
             ... on level 4 of the Dungeon.
             The game lasted 00:11:13 (6411 turns).

lunkers the Tainter (Merfolk Venom Mage)            Turns: 6411, Time: 00:11:14

Health: -6/46      AC:  2    Str:  8    XL:     7   Next: 57%
Magic:  12/13      EV: 12    Int: 17    God:    Ashenzari [......]
Gold:   262        SH:  0    Dex: 14    Spells: 8/15 levels left

rFire   + . .      SeeInvis .   t - +1 short sword "Share My Augurer" {elec, Alch, Elem} (curse)
rCold   . . .      Faith    .   (no shield)
rNeg    . . .      Spirit   .   a - +0 robe
rPois   .          Reflect  .   (no helmet)
rElec   .          Harm     .   (no cloak)
rCorr   .          Rampage  .   (no gloves)
Will    .....                   (no boots)
Stlth   ++........              (no amulet)
HPRegen 0.15/turn               p - ring of protection from fire
MPRegen 0.13/turn               (no ring)

@: no status effects
A: (nimble swimmer 2), mertail
a: Renounce Religion, Curse Item, Shatter the Chains


You were on level 4 of the Dungeon.
You worshipped Ashenzari.
Ashenzari was noncommittal.
You visited 1 branch of the dungeon, and saw 4 of its levels.
You also visited: Sewer.

You collected 262 gold pieces.

Inventory:

Hand Weapons
 m - a +0 dagger of venom
 s - a +0 hand axe of electrocution
 t - the cursed +1 short sword "Share My Augurer" (weapon) {elec, Alch, Elem}
   (You took it off a kobold in a sewer)

   It occasionally discharges a powerful burst of electricity upon striking a
   foe.
   It has a curse which improves the following skills: Alchemy: Poison Magic and
   Transmutations.
   Elements:  Fire Magic, Ice Magic, Air Magic and Earth Magic.
Missiles
 i - a throwing net
 x - 2 curare-tipped darts
Armour
 a - a +0 robe (worn)
Jewellery
 p - a ring of protection from fire (left hand)
 y - a ring of protection from cold
Wands
 z - a wand of digging (5)
Scrolls
 c - a scroll of fog {unknown}
 d - 6 scrolls of identify {unknown}
 e - a scroll of holy word {unknown}
 f - 2 scrolls of summoning {unknown}
 h - 3 scrolls of noise {unknown}
 l - 2 scrolls of enchant armour {unknown}
 o - 2 scrolls of enchant weapon {unknown}
 q - a scroll of vulnerability {unknown}
 u - a scroll of brand weapon {unknown}
 A - a scroll of teleportation {unknown}
Potions
 b - a potion of magic
 g - 2 potions of curing {unknown}
 j - 3 potions of degeneration {unknown}
 k - a potion of berserk rage {unknown}
 n - a potion of lignification {unknown}
 r - a potion of cancellation {unknown}
 v - a potion of brilliance {unknown}
 w - a potion of might {unknown}
 B - a potion of flight {unknown}


   Skills:
 - Level 2.6 Dodging
 - Level 2.1 Stealth
 + Level 4.5 Spellcasting
 - Level 1.3(1.6) Transmutations
 * Level 8.0(8.4) Poison Magic


You had 8 spell levels left.
You knew the following spells:

 Your Spells              Type           Power      Damage    Failure   Level
a - Poisonous Vapours     Pois/Air       36%        N/A       4%          2
b - Sting                 Tmut/Pois      84%        1d7       1%          1
c - Olgreb's Toxic Radia  Pois           32%        N/A       4%          4

Your spell library contained the following spells:

 Spells                   Type           Power      Damage    Failure   Level
 Mephitic Cloud           Conj/Pois/Air  13%        N/A       14%         3
 Inner Flame              Hex/Fire       3%         N/A       41%         3
 Cause Fear               Hex            1%         N/A       83%         4
 Discord                  Hex            1%         N/A       100%        8


Dungeon Overview and Level Annotations

Branches:
Dungeon (4/15)              Sewer (visited)
 Temple: D:4-7

Altars:
Ashenzari
The Shining One

Annotations:
D:3 1 runed translucent door, Hubjo's ghost, amateur DEFE


Innate Abilities, Weirdness & Mutations

((You are very nimble when in or above water. (Stealth+, EV+, Speed+++)))
Your lower body shifts to a powerful aquatic tail in water.


Message History

You completely miss the white imp.
The white imp is severely wounded.
The white imp barely misses you.
You closely miss the white imp.
The white imp is severely wounded.
The white imp barely misses you.
You hit the white imp but do no damage.
You punch the white imp, but do no damage.
The white imp is severely wounded.
The white imp hits you.
* * * LOW HITPOINT WARNING * * *
The white imp freezes you.
* * * LOW HITPOINT WARNING * * *
You hit the white imp but do no damage.
The white imp is severely wounded.
The white imp hits you.
* * * LOW HITPOINT WARNING * * *
The white imp freezes you.
* * * LOW HITPOINT WARNING * * *
You hit the white imp but do no damage.
The white imp is severely wounded.
The white imp hits you.
* * * LOW HITPOINT WARNING * * *
The white imp freezes you.
* * * LOW HITPOINT WARNING * * *
You hit the white imp but do no damage.
The white imp is severely wounded.
The white imp barely misses you. x2
You closely miss the white imp.
The white imp is severely wounded.
The white imp hits you.
* * * LOW HITPOINT WARNING * * *
The white imp freezes you.
* * * LOW HITPOINT WARNING * * *
Okay, then.
You hit the white imp.
The white imp is almost dead.
The white imp gestures at you. The puff of frost hits you!
You die...

# # # ### #### #
.... ..# ###
^... #.# #..
##..#.########
#.#
#...5@.......#
#.#
........######.#
#.# .#....#.#
#.# #.#
..>.....# #.#
#.# ####..###
#.# ### #.. ...
#.###.##### ##+
#.##...##
#.......#
####...##


You could see a white imp.

Vanquished Creatures
  6 kobold brigands (Sewer)
  A jelly (D:4)
  An orc wizard (D:3)
  4 gnolls (D:3)
  5 adders
  An ufetubus (D:4)
  3 dart slugs
  5 worms
  3 orcs (D:3)
  13 ball pythons
  8 endoplasms
  3 giant cockroaches
  4 goblins
  3 hobgoblins
  A jackal (D:1)
  6 quokkas (D:3)
  7 bats
  2 frilled lizards
  5 kobolds
  10 rats
91 creatures vanquished.

Notes
Turn   | Place    | Note
-------+----------+-------------------------------------------
     0 | D:1      | lunkers the Merfolk Venom Mage began the quest for the Orb.
     0 | D:1      | Reached XP level 1. HP: 13/13 MP: 3/3
     4 | D:1      | You fall into a shaft and drop 1 floor!
   463 | D:1      | Reached XP level 2. HP: 19/19 MP: 0/5
   605 | D:1      | Learned a level 2 spell: Poisonous Vapours
  1167 | D:2      | Reached skill level 4 in Poison Magic
  1200 | D:2      | Found a faded altar of an unknown god.
  1654 | D:2      | Reached XP level 3. HP: 15/24 MP: 1/6
  2128 | D:3      | Found a broken altar of Ashenzari.
  2142 | D:3      | Found a glowing golden altar of the Shining One.
  2144 | D:3      | Became a worshipper of Ashenzari the Shackled
  2233 | D:3      | Reached XP level 4. HP: 9/30 MP: 0/8
  2321 | D:3      | Found a glowing drain.
  2389 | Sewer    | Entered a sewer
  2590 | Sewer    | Reached skill level 5 in Poison Magic
  3026 | Sewer    | Noticed a kobold brigand
  3147 | Sewer    | Killed a kobold brigand
  3148 | Sewer    | Reached XP level 5. HP: 29/35 MP: 0/9
  3304 | Sewer    | Noticed a kobold brigand
  3329 | Sewer    | Killed a kobold brigand
  3330 | Sewer    | Reached skill level 6 in Poison Magic
  3330 | Sewer    | Reached XP level 6. HP: 41/41 MP: 1/11
  4031 | Sewer    | Reached skill level 7 in Poison Magic
  4031 | Sewer    | Reached XP level 7. HP: 46/46 MP: 1/13
  5244 | D:3      | Found a runed translucent door.
  5264 | D:3      | Learned a level 4 spell: Olgreb's Toxic Radiance
  5715 | D:3      | Noticed Hubjo's ghost (amateur DEFE)
  6392 | D:4      | Reached skill level 8 in Poison Magic
  6411 | D:4      | Killed from afar by a white imp

Illustrated notes

Levels and vault maps discovered:
D:1:      psy_arrival_conway, layout_basic, minmay_hexomino_c4
D:2:      layout_loops_ring, hellmonk_ecumenical_altar_blasted,
          dk_noncrumbling_3
D:3:      layout_loops_ring, mainiacjoe_overflow_catwalk_spiral,
          gup_sewer_entry_pipe, ebering_ghost_sewer_d
D:4:      layout_loops_corners, nicolae_overflow_hidden_temple,
          nicolae_figureground_sparkle

Skill      XL: |  1  2  3  4  5  6  7 |
---------------+----------------------+-----
Poison Magic   | 4 5 6 7 8 |  8.0
Spellcasting   | 3 4 |  4.5
Dodging        | |  2.6
Stealth        | |  2.1
Transmutations | |  1.3

Action                   |  1- 3 |  4- 6 |  7- 9 || total
-------------------------+-------+-------+-------++-------
Melee: Unarmed           |    10 |       |       ||    10
       Hand axe          |     7 |    20 |       ||    27
       Dagger            |     1 |       |       ||     1
       Short sword       |       |    21 |    58 ||    79
       Tailslap          |       |     2 |     5 ||     7
       Punch             |       |       |     2 ||     2
 Cast: Sting             |    64 |     3 |       ||    67
       Poisonous Vapours |       |    64 |    85 ||   149
Invok: Curse Item        |       |       |     1 ||     1
 Stab: Sleeping          |       |     1 |       ||     1
Armor: Robe              |    12 |     4 |     6 ||    22
Dodge: Dodged            |    24 |    28 |    36 ||    88

Table legend: (Time is in decaauts)
 A = Elapsed time spent in this place.
 B = Non-inter-level travel time spent in this place.
 C = Inter-level travel time spent in this place.
 D = Time resting spent in this place.
 E = Time spent auto-exploring this place.
 F = Levels seen in this place.
 G = Mean time per level.
                   A        B        C        D        E       F      G
               +--------+--------+--------+--------+--------+-----+--------+
         Total |   6234 |   6173 |     61 |    331 |   4992 |   5 | 1246.8 |
       Dungeon |   3994 |   3933 |     61 |    136 |   3231 |   4 |  998.5 |
         Sewer |   2240 |   2240 |      0 |    195 |   1761 |   1 | 2240.0 |
               +--------+--------+--------+--------+--------+-----+--------+

Top non-repeatable levels by time:
   Sewer: 2240 daAuts
     D:3: 1412 daAuts
     D:2: 1104 daAuts
     D:1: 997 daAuts
     D:4: 480 daAuts
